 Dungeon Crawl Stone Soup version 0.30-a0-1082-g70414cbcbb (webtiles) character file.

Game seed: 13255635996472493504

31694 fortdeath9 the Basher (level 13, -4/102 HPs)
             Began as a Demonspawn Berserker on Apr 16, 2023.
             Was a High Priest of Trog.
             Slain by a culicivora (16 damage)
             ... on level 1 of the Spider Nest.
             The game lasted 01:13:58 (11843 turns).

fortdeath9 the Basher (Demonspawn Berserker)       Turns: 11843, Time: 01:14:00

Health: -4/102     AC: 34    Str: 20    XL:     13   Next: 27%
Magic:  7/7        EV: 14    Int: 12    God:    Trog [*****.]
Gold:   934        SH:  0    Dex: 17    Spells: 12/12 levels left

rFire   . . .      SeeInvis +    G - +7 glaive (antimagic)
rCold   + + .      Faith    .    (shield currently unavailable)
rNeg    . . .      Spirit   .    D - +7 Kryia's mail coat {PotionHeal*2 rC+}
rPois   +          Reflect  .    (no helmet)
rElec   .          Rampage  .    p - scarf {repulsion}
rCorr   .          Clarity  +    x - +2 pair of gloves
Will    .....                    f - +2 pair of boots Stlth
                                 y - amulet of regeneration
HPRegen 1.17/turn                a - ring "Puotopyebb" {rC+ SInv}
MPRegen 0.10/turn                F - ring of Impaume {rPois MP+9 Int+3 Stlth-}

@: sanguine armoured, studying Stealth, repel missiles
A: hooves 1, ignite blood 2, powered by death 1, sanguine armour 3, agile 1,
clarity, poison resistance
a: Renounce Religion, Berserk, Trog's Hand, Brothers in Arms


You were on level 1 of the Spider Nest.
You worshipped Trog.
Trog was extremely pleased with you.
You visited 4 branches of the dungeon, and saw 15 of its levels.
You also visited: Ossuary and Bailey.

You collected 956 gold pieces.
You spent 22 gold pieces at shops.

Inventory:

Hand Weapons
 G - a +7 antimagic glaive (weapon)
Armour
 f - a +2 pair of boots (worn)
 p - a scarf of repulsion (worn)
 x - a +2 pair of gloves (worn)
 C - an orb of guile
 D - the +7 Kryia's mail coat (worn) {PotionHeal*2 rC+}
   (You found it on level 5 of the Dungeon)

   PotionHeal*2: Potions heal its wearer twice as much.
   rC:        It protects you from cold.
Jewellery
 a - the ring "Puotopyebb" (left hand) {rC+ SInv}
   (You found it on level 8 of the Dungeon)

   [ring of see invisible]

   rC:        It protects you from cold.
   SInv:      It lets you see invisible.
 i - a ring of flight
 s - a +6 ring of dexterity
 u - a ring of willpower
 v - a +6 ring of dexterity
 y - an amulet of regeneration (around neck)
 F - the ring of Impaume (right hand) {rPois MP+9 Int+3 Stlth-}
   (You found it on level 11 of the Dungeon)

   [ring of magical power]

   Int:       It affects your intelligence (+3).
   rPois:     It protects you from poison.
   MP:        It affects your magic capacity (+9).
   Stlth:     It makes you less stealthy.
Scrolls
 b - 2 scrolls of summoning {unknown}
 m - a scroll of acquirement {unknown}
 q - 6 scrolls of immolation
 r - a scroll of blinking
 t - a scroll of fear {unknown}
 w - 8 scrolls of teleportation
 z - 4 scrolls of fog
 B - 5 scrolls of magic mapping
 E - 3 scrolls of enchant armour
 L - 2 scrolls of poison {unknown}
Potions
 c - 8 potions of attraction
 d - 4 potions of lignification
 e - 5 potions of curing
 h - a potion of magic {unknown}
 j - 6 potions of berserk rage
 l - 2 potions of haste
 n - 3 potions of might
 o - 3 potions of flight
 A - 3 potions of invisibility


   Skills:
 + Level 9.7 Fighting
 + Level 10.6 Maces & Flails
 + Level 10.4 Polearms
 + Level 9.0 Armour
 + Level 8.4 Dodging
 + Level 3.7 Stealth
 - Level 3.2 Unarmed Combat
 + Level 0.5 Evocations


You had 12 spell levels left.
You didn't know any spells.
Your spell library was empty.

Dungeon Overview and Level Annotations

Branches:
Dungeon (11/15)            Temple (1/1) D:6            Lair (2/5) D:11
 Spider (1/4) Lair:2      Ossuary (visited)          Bailey (visited)
  Swamp: Lair:2-3    Shoals: Lair:2-3       Orc: D:9-12

Altars:
Ashenzari
Cheibriados
Gozag
Kikubaaqudgha
Makhleb
Nemelex Xobeh
Okawaru
Ru
Sif Muna
Uskayaw
Vehumet
Wu Jian
Yredelemnul

Shops:
D:1 [   D:7 ?   D:9 =

Annotations:
D:8 exclusion: ice statue


Innate Abilities, Weirdness & Mutations

You have large cloven feet.
Your demonic aura often causes spilled blood to erupt in flames.
You regenerate a little health from kills.
When seriously injured, your blood forms very thick armour. (AC +12)
You are agile. (Dex +4, Str/Int -1)
You possess an exceptional clarity of mind.
Your system is resistant to poisons. (rPois)


Message History

You feel sick.
You are no longer poisoned.
The culicivora bites you but does no damage.
You slash the culicivora!
The culicivora is moderately wounded.
The culicivora bites you.
* * * LOW HITPOINT WARNING * * *
The culicivora draws strength from your injuries!
You barely miss the culicivora.
The culicivora is moderately wounded.
The culicivora closely misses you.
The culicivora bites you but does no damage.
You barely miss the culicivora.
The culicivora is moderately wounded.
The culicivora bites you.
* * * LOW HITPOINT WARNING * * *
The culicivora draws strength from your injuries!
The culicivora bites you.
* * * LOW HITPOINT WARNING * * *
The culicivora draws strength from your injuries!
You barely miss the culicivora.
The culicivora is moderately wounded.
The culicivora bites you but does no damage.
The culicivora misses you.
You slash the culicivora!
The culicivora is heavily wounded.
The culicivora bites you but does no damage.
The culicivora bites you.
* * * LOW HITPOINT WARNING * * *
The culicivora draws strength from your injuries!
You closely miss the culicivora.
The culicivora is moderately wounded.
The culicivora closely misses you.
You slice the culicivora!!
The culicivora is almost dead.
The culicivora bites you!
* * * LOW HITPOINT WARNING * * *
The culicivora draws strength from your injuries!
The culicivora bites you!
You die...

#
######.^##.#####..#.#
#...#.#...^#..#.# ##
....#......##....# #
..#.##.###.#...#...#
#
#.#.###^..#..#...#..#
#
#...†..#.#..#..#^...#
#
##.#.†..#.#..^.##.#.#
## ####.s#..###^>#..#
.# #..#@§#...#...##
!# #.!#^###.....#.#
## ##..#.#..###...# #
#......#.#.#..#
##..#...#.^#..#
#..##.#..#....#
#....##.###.#.#
##.#.......#.^#
##^..#..#....#


You could see a culicivora.

Vanquished Creatures
  Agnes (Spider:1)
  2 vault guards (Bailey)
  The ghost of ziggurnaut the Zephyrmancer, a journeyman TeAE of Fedhas (D:8)
  2 two-headed ogres (D:10)
  A boulder beetle (Spider:1)
  3 pharaoh ants (Spider:1)
  Amaemon (Lair:1)
  A wolf spider (Spider:1)
  An ugly thing (D:11)
  2 cyclopes (D:11)
  4 elephants (Lair:1)
  Maurice (D:8)
  2 black mambas (Lair:1)
  A torpor snail (Spider:1)
  A gargoyle (D:11)
  3 cane toads (Lair:1)
  An orange demon (Lair:1)
  A komodo dragon (Lair:1)
  A troll (D:9)
  5 tarantellas (Spider:1)
  Prince Ribbit (Bailey)
  6 jumping spiders (Spider:1)
  3 culicivoras
  A wraith (D:10)
  12 redbacks (Spider:1)
  21 yaks
  2 fire elementals (Spider:1)
  4 humans (Bailey)
  4 wyverns
  3 steam dragons
  3 vampire mosquitoes (D:10)
  An acid dragon (D:10)
  2 swamp worms (Lair:1)
  The ghost of billz999 the Digger, an amateur OpEE of Makhleb (D:6)
  4 water moccasins
  A hell hound (Spider:1)
  An orc warrior (Bailey)
  A sky beast (D:6)
  2 black bears
  3 wolves (Lair:1)
  7 centaurs
  4 ogres
  A phantom (D:5)
  4 kobold brigands
  14 bullfrogs
  3 water moccasin zombies (Ossuary)
  4 scorpions
  5 wights (D:5)
  4 gnoll sergeants
  19 killer bees
  7 howler monkeys
  3 electric eels
  A jelly (D:4)
  A hound (D:6)
  2 gnoll boudas
  2 orc priests
  2 sleepcaps
  3 iguanas
  14 orc wizards
  2 mummies (Ossuary)
  22 gnolls
  4 adders
  2 shadow imps
  2 ufetubi
  4 adder zombies (Ossuary)
  4 worms
  2 dart slugs
  29 orcs
  4 bats
  6 endoplasms
  5 giant cockroaches
  6 gnoll zombies (Ossuary)
  15 goblins
  15 hobgoblins
  7 quokkas
  6 ball pythons
  3 frilled lizards
  6 hobgoblin zombies (Ossuary)
  23 kobolds
  5 kobold zombies (Ossuary)
  4 orc zombies (Ossuary)
  7 rats
  2 butterflies (Lair:1)
396 creatures vanquished.

Vanquished Creatures (collateral kills)
  Azrael (Spider:1)
  An entropy weaver (Spider:1)
  An orb spider (Spider:1)
  A wolf spider (Spider:1)
  A tarantella (Spider:1)
  A fire elemental (Spider:1)
  A redback (Spider:1)
  2 hell hounds (Spider:1)
9 creatures vanquished.

Vanquished Creatures (others)
  A gnoll (D:8)
  7 plants
8 creatures vanquished.

Grand Total: 413 creatures vanquished

Notes
Turn   | Place    | Note
-------+----------+-------------------------------------------
     0 | D:1      | fortdeath9 the Demonspawn Berserker began the quest for the
                  | Orb.
     0 | D:1      | Reached XP level 1. HP: 18/18 MP: 1/1
    46 | D:1      | Gained mutation: Your demonic aura sometimes causes spilled
                  | blood to erupt in flames. [demonic ancestry]
    46 | D:1      | Reached XP level 2. HP: 10/24 MP: 2/2
   228 | D:1      | Found Raz Kucoje's Armour Shoppe.
   444 | D:1      | Reached ** piety under Trog
   623 | D:2      | Reached XP level 3. HP: 24/29 MP: 3/3
   724 | D:2      | Identified the +3 leather armour "Aczurph" {Harm Str-4
                  | Slay+3 Stlth+}
   765 | D:2      | Gained mutation: Your demonic aura often causes spilled
                  | blood to erupt in flames. [demonic ancestry]
   765 | D:2      | Reached XP level 4. HP: 25/35 MP: 4/4
  1270 | D:3      | Found a burning altar of Makhleb.
  1297 | D:3      | Found an iron altar of Okawaru.
  1321 | D:3      | Gained mutation: When seriously injured, your blood forms
                  | armour. (AC +12) [demonic ancestry]
  1321 | D:3      | Reached XP level 5. HP: 5/42 MP: 5/5
  2133 | D:4      | Noticed an ogre
  2144 | D:4      | Killed an ogre
  2145 | D:4      | Reached skill level 1 in Stealth
  2179 | D:4      | Reached XP level 6. HP: 48/48 MP: 6/6
  2183 | D:4      | Reached skill level 5 in Maces & Flails
  2300 | D:4      | Reached *** piety under Trog
  2395 | D:4      | Found a sand-covered staircase.
  2403 | D:4      | Gained mutation: When seriously injured, your blood forms
                  | thick armour. (AC +12) [demonic ancestry]
  2403 | D:4      | Reached XP level 7. HP: 55/55 MP: 7/7
  2462 | D:4      | Found a basalt altar of Yredelemnul.
  2635 | Ossuary  | Entered an ossuary
  2643 | Ossuary  | Gained mutation: You are weak. (Str -2) [potion of
                  | mutation]
  2643 | Ossuary  | Gained mutation: You occasionally shout uncontrollably at
                  | your foes. [potion of mutation]
  2644 | Ossuary  | Lost mutation: You are weak. (Str -2) [potion of mutation]
  2644 | Ossuary  | Lost mutation: You occasionally shout uncontrollably at
                  | your foes. [potion of mutation]
  2644 | Ossuary  | Gained mutation: You are dopey. (Int -2) [potion of
                  | mutation]
  2644 | Ossuary  | Gained mutation: You expend magic power (3 MP) to
                  | strengthen your wands. [potion of mutation]
  2645 | Ossuary  | Lost mutation: You are dopey. (Int -2) [potion of mutation]
  2645 | Ossuary  | Lost mutation: You expend magic power (3 MP) to strengthen
                  | your wands. [potion of mutation]
  2645 | Ossuary  | Gained mutation: You have sharp toenails. [potion of
                  | mutation]
  2645 | Ossuary  | Gained mutation: You expend magic power (3 MP) to
                  | strengthen your wands. [potion of mutation]
  2646 | Ossuary  | Lost mutation: You have sharp toenails. [potion of
                  | mutation]
  2646 | Ossuary  | Lost mutation: You expend magic power (3 MP) to strengthen
                  | your wands. [potion of mutation]
  2646 | Ossuary  | Gained mutation: Your magical capacity is low. (-10% MP)
                  | [potion of mutation]
  2646 | Ossuary  | Gained mutation: Your magical capacity is very low. (-20%
                  | MP) [potion of mutation]
  2646 | Ossuary  | Gained mutation: You have a pair of small horns on your
                  | head. [potion of mutation]
  2781 | Ossuary  | Reached **** piety under Trog
  2884 | D:5      | Entered Level 5 of the Dungeon
  2937 | D:5      | Reached skill level 5 in Fighting
  2937 | D:5      | Reached XP level 8. HP: 45/62 MP: 6/6
  2974 | D:5      | Found a broken altar of Ashenzari.
  3285 | D:5      | Lost mutation: Your magical capacity is very low. (-20% MP)
                  | [potion of mutation]
  3285 | D:5      | Lost mutation: Your magical capacity is low. (-10% MP)
                  | [potion of mutation]
  3285 | D:5      | Lost mutation: You have a pair of small horns on your head.
                  | [potion of mutation]
  3285 | D:5      | Gained mutation: You are clumsy. (Dex -2) [potion of
                  | mutation]
  3285 | D:5      | Gained mutation: You have a somewhat thin skeletal
                  | structure. (Dex +2, Stealth+) [potion of mutation]
  3350 | D:5      | Found a sparkling altar of Nemelex Xobeh.
  3574 | D:5      | Found the +7 Kryia's mail coat {PotionHeal*2 rC+}
  3636 | D:5      | Found a hide-covered altar of Uskayaw.
  3774 | D:6      | Found an ornate altar of the Wu Jian Council.
  3842 | D:6      | Found a snail-covered altar of Cheibriados.
  3906 | D:6      | Found a staircase to the Ecumenical Temple.
  3914 | Temple   | Entered the Ecumenical Temple
  3943 | D:6      | Found a large runed translucent door.
  3943 | D:6      | Found a large runed translucent door.
  3944 | D:6      | Noticed billz999's ghost (amateur OpEE)
  3973 | D:6      | Killed billz999's ghost
  3974 | D:6      | Reached skill level 5 in Dodging
  4026 | D:6      | Gained mutation: You regenerate a little health from kills.
                  | [demonic ancestry]
  4026 | D:6      | Reached XP level 9. HP: 69/69 MP: 9/9
  4909 | D:7      | Reached ***** piety under Trog
  4981 | D:7      | Found a sacrificial altar of Ru.
  5030 | D:7      | Found Podupt's Magic Scroll Boutique.
  5039 | D:7      | Bought a scroll of identify for 22 gold pieces
  5279 | D:7      | Found an ancient bone altar of Kikubaaqudgha.
  5310 | D:7      | Found a radiant altar of Vehumet.
  5329 | D:7      | Found a shimmering blue altar of Sif Muna.
  5387 | D:8      | Noticed Maurice
  5402 | D:8      | Killed Maurice
  5601 | D:8      | Lost mutation: You have a somewhat thin skeletal structure.
                  | (Dex +2, Stealth+) [potion of mutation]
  5601 | D:8      | Lost mutation: You are clumsy. (Dex -2) [potion of
                  | mutation]
  5601 | D:8      | Gained mutation: You have hidden genetic potential. [potion
                  | of mutation]
  5601 | D:8      | Gained mutation: Your system is resistant to poisons.
                  | (rPois) [potion of mutation]
  5657 | D:8      | Reached XP level 10. HP: 77/77 MP: 10/10
  5751 | D:8      | Found a transporter.
  5752 | D:8      | Found a transporter.
  5767 | D:8      | Noticed ziggurnaut's ghost (journeyman TeAE)
  5768 | D:8      | Identified the +0 scale mail of Paranoia {Will+ Slay+3
                  | Stlth-}
  5768 | D:8      | Identified the +4 kite shield of the Mind {rPois}
  5795 | D:8      | Reached skill level 10 in Maces & Flails
  5826 | D:8      | Killed ziggurnaut's ghost
  5930 | D:8      | Identified the ring "Puotopyebb" {rC+ SInv}
  6207 | D:8      | Noticed an ice statue
  6637 | D:9      | Found Wuigejink's Jewellery Shoppe.
  6667 | D:9      | Reached skill level 1 in Polearms
  6693 | D:9      | Gained mutation: You are agile. (Dex +4, Str/Int -1)
                  | [hidden potential]
  7205 | D:9      | Reached skill level 5 in Armour
  7577 | D:10     | Entered Level 10 of the Dungeon
  7800 | D:10     | Noticed a two-headed ogre
  7809 | D:10     | Killed a two-headed ogre
  7842 | D:10     | Found a flagged portal.
  7858 | Bailey   | Entered a bailey
  7886 | Bailey   | Gained mutation: When seriously injured, your blood forms
                  | very thick armour. (AC +12) [demonic ancestry]
  7886 | Bailey   | Reached XP level 11. HP: 84/84 MP: 11/11
  7945 | Bailey   | Reached skill level 5 in Polearms
  7967 | Bailey   | Noticed a vault guard
  7967 | Bailey   | Noticed Prince Ribbit
  7981 | Bailey   | Killed a vault guard
  7985 | Bailey   | Killed Prince Ribbit
  8017 | Bailey   | Noticed a vault guard
  8026 | Bailey   | Killed a vault guard
  8038 | Bailey   | Gained mutation: You possess an exceptional clarity of
                  | mind. [hidden potential]
  8038 | Bailey   | Lost mutation: You have hidden genetic potential. [hidden
                  | potential expressed]
  8062 | D:10     | Found an opulent altar of Gozag.
  8165 | D:10     | Reached ****** piety under Trog
  8188 | D:10     | Noticed a two-headed ogre
  8193 | D:10     | Received a gift from Trog
  8209 | D:10     | Killed a two-headed ogre
  8579 | D:11     | Identified the ring of Impaume {rPois MP+9 Int+3 Stlth-}
  8814 | D:11     | Noticed a green ugly thing
  8829 | D:11     | Killed a green ugly thing
  8830 | D:11     | Reached skill level 1 in Unarmed Combat
  9275 | D:11     | Found a staircase to the Lair.
  9524 | Lair:1   | Entered Level 1 of the Lair of Beasts
  9677 | Lair:1   | Gained mutation: You have large cloven feet. [demonic
                  | ancestry]
  9677 | Lair:1   | Reached XP level 12. HP: 78/92 MP: 7/12
 10030 | Lair:1   | Noticed Amaemon
 10194 | Lair:1   | Killed Amaemon
 10434 | Lair:1   | You fall into a shaft and drop 1 floor!
 10603 | Lair:2   | Found a hole to the Spider Nest.
 11296 | Spider:1 | Entered Level 1 of the Spider Nest
 11392 | Spider:1 | Noticed a boulder beetle
 11407 | Spider:1 | Killed a boulder beetle
 11431 | Spider:1 | Noticed an entropy weaver
 11434 | Spider:1 | Identified the +7 great mace "Wohoig" {heavy, rPois rF+
                  | Will+} (Trog gifted it to you on level 1 of the Spider
                  | Nest)
 11434 | Spider:1 | Received a gift from Trog
 11435 | Spider:1 | HP: 2/87 [jumping spider (9)]
 11436 | Spider:1 | Killed an entropy weaver
 11516 | Spider:1 | Noticed Azrael
 11542 | Spider:1 | Reached XP level 13. HP: 31/101 MP: 7/13
 11560 | Spider:1 | Killed Azrael
 11631 | Spider:1 | Noticed Agnes
 11637 | Spider:1 | Killed Agnes
 11638 | Spider:1 | Reached skill level 10 in Polearms
 11785 | Spider:1 | Identified the +2 robe of Mimych {Dex+2 Slay+2}
 11843 | Spider:1 | Slain by a culicivora

Illustrated notes

Levels and vault maps discovered:
D:1:      denvon_arrival_waterhouse, layout_rooms, serial_shops, shop
D:2:      layout_basic
D:3:      layout_loops_ring, mainiacjoe_overflow_chevrons,
          mainiacjoe_overflow_boulevard, mainiacjoe_overflow_24_doors,
          portal_sewer_entry_f
D:4:      layout_basic, nicolae_overflow_crystal_walls,
          lightli_ossuary_entry_decrepit_ruins
D:5:      minmay_spotlight, layout_cave_pools, eat_drink_and_be_merry_uskayaw,
          cheibrodos_ashenzari_chains, mainiacjoe_overflow_tiny_flanked,
          lemuel_flame_loot_1
D:6:      layout_basic, nicolae_wu_jian_wuxing_cycle, kennysheep_mini_moat,
          kennysheep_little_box, minmay_temple_entry_junction,
          ebering_ghost_disaster_area
D:7:      layout_basic, palyth_temple_overflow_mages, hangedman_ru_absence,
          serial_shops, shop_scrolls, serial_park_tiny_pond
D:8:      minmay_statue_hallways, layout_basic, gammafunk_ghost_gnarly_gnolls,
          uniq_maurice
D:9:      layout_basic, serial_shops, nicolae_shop_statue_plus,
          kennysheep_generic_room_5
D:10:     layout_basic, grunt_gozag_statues, enter_bailey_3,
          hangedman_corner_corridor
D:11:     layout_irregular_city, lair_entry_dummy
Temple:   hellmonk_temple_beads
Lair:1:   layout_cave_pods, st_stairs_6, small_statue_intersection,
          worms_lemuel, lemuel_fruit_fields, infiniplex_staircase_pool_2,
          uniq_amaemon
Lair:2:   layout_gridlike, hellmonk_spider_entry_life_and_decay,
          serial_bayou_shore_b, grunt_megastairs_3, serial_bayou_shore_a
Spider:1: nicolae_spider_mines_3, uniq_azrael, uniq_agnes

Skill      XL: |  1  2  3  4  5  6  7  8  9 10 11 12 13 |
---------------+----------------------------------------+-----
Maces & Flails | 3 4 5 7 8 9 10 | 10.6
Dodging        | 2 3 5 6 7 8 |  8.4
Armour         | 2 4 5 7 8 9 |  9.0
Fighting       | 4 5 6 7 9 |  9.7
Stealth        | 1 2 3 |  3.7
Polearms       | 4 6 9 10 | 10.4
Unarmed Combat | 3 |  3.2
Evocations     | |  0.5

Action                     |  1- 3 |  4- 6 |  7- 9 | 10-12 | 13-15 || total
---------------------------+-------+-------+-------+-------+-------++-------
  Melee: Mace              |    91 |   145 |   466 |    51 |       ||   753
         Punch             |       |     2 |     2 |       |       ||     4
         Headbutt          |       |       |    45 |       |       ||    45
         Spear             |       |       |       |   262 |       ||   262
         Unarmed           |       |       |       |   341 |       ||   341
         Glaive            |       |       |       |   224 |    89 ||   313
 Invoke: Berserk           |     2 |     3 |     2 |     9 |       ||    16
         Brothers in Arms  |       |       |       |     3 |     1 ||     4
  Evoke: Box of beasts     |       |       |       |     1 |       ||     1
    Use: Scroll            |     1 |     5 |    14 |     9 |       ||    29
         Potion            |       |       |     7 |     6 |     3 ||    16
   Stab: Sleeping          |     1 |     1 |     3 |       |       ||     5
         Distracted        |       |       |     1 |       |       ||     1
 Armour: Animal skin       |    21 |       |       |       |       ||    21
         Leather armour    |     6 |    15 |       |       |       ||    21
         Robe              |       |    37 |    93 |       |       ||   130
         Scale mail        |       |       |   160 |   543 |   111 ||   814
  Dodge: Dodged            |    75 |   103 |   324 |   692 |   113 ||  1307
         Repelled          |       |       |     3 |    18 |     2 ||    23

Table legend: (Time is in decaauts)
 A = Elapsed time spent in this place.
 B = Non-inter-level travel time spent in this place.
 C = Inter-level travel time spent in this place.
 D = Time resting spent in this place.
 E = Time spent auto-exploring this place.
 F = Levels seen in this place.
 G = Mean time per level.
                   A        B        C        D        E       F      G
               +--------+--------+--------+--------+--------+-----+--------+
         Total |  12166 |  11789 |    377 |   1000 |   5401 |  17 |  715.6 |
       Dungeon |   9255 |   8878 |    377 |    707 |   4172 |  11 |  841.4 |
        Temple |      5 |      5 |      0 |      0 |      0 |   1 |    5.0 |
          Lair |   1864 |   1864 |      0 |    150 |   1175 |   2 |  932.0 |
   Spider Nest |    607 |    607 |      0 |    143 |     54 |   1 |  607.0 |
       Ossuary |    245 |    245 |      0 |      0 |      0 |   1 |  245.0 |
        Bailey |    187 |    187 |      0 |      0 |      0 |   1 |  187.0 |
               +--------+--------+--------+--------+--------+-----+--------+

Top non-repeatable levels by time:
     D:8: 1129 daAuts
     D:9: 1074 daAuts
  Lair:1: 980 daAuts
    D:11: 966 daAuts
     D:3: 894 daAuts
  Lair:2: 884 daAuts
     D:5: 867 daAuts
     D:6: 859 daAuts
    D:10: 856 daAuts
     D:7: 768 daAuts
     D:2: 656 daAuts
     D:1: 623 daAuts
Spider:1: 607 daAuts
     D:4: 559 daAuts
 Ossuary: 245 daAuts
